 Dungeon Crawl Stone Soup version 0.28.0-45-g0d030f2227 (webtiles) character file.

Game seed: 15315415087924868225

18 McKennaii the Conjurer (level 2, 16/19 HPs)
             Began as a Demonspawn Conjurer on Apr 14, 2022.
             Quit the game on level 1 of the Dungeon.
             The game lasted 00:00:34 (638 turns).

McKennaii the Conjurer (Demonspawn Conjurer)         Turns: 638, Time: 00:00:34

Health: 16/19      AC:  2    Str:  7    XL:     2   Next: 51%
Magic:  1/5        EV: 12    Int: 19    God:
Gold:   16         SH:  0    Dex: 11    Spells: 4/5 levels left

rFire   . . .      SeeInvis .   (no weapon)
rCold   . . .      Faith    .   (no shield)
rNeg    . . .      Spirit   .   a - +0 robe
rPois   .          Reflect  .   (no helmet)
rElec   .          Harm     .   (no cloak)
rCorr   .          Rampage  .   (no gloves)
Will    .....                   (no boots)
Stlth   ++........              (no amulet)
HPRegen 0.06/turn               (no ring)
MPRegen 0.09/turn               (no ring)

@: no status effects
A: powered by death 1
a: no special abilities


You were on level 1 of the Dungeon.
You visited 1 branch of the dungeon, and saw 1 of its levels.

You collected 16 gold pieces.

Inventory:

Armour
 a - a +0 robe (worn)
Scrolls
 b - a scroll of identify {unknown}


   Skills:
 - Level 1.7 Dodging
 - Level 1.7 Stealth
 + Level 2.0 Spellcasting
 + Level 4.7 Conjurations


You had 4 spell levels left.
You knew the following spells:

 Your Spells              Type           Power      Damage    Failure   Level
a - Magic Dart            Conj           76%        1d6       2%          1

Your spell library contained the following spells:

 Spells                   Type           Power      Damage    Failure   Level
 Searing Ray              Conj           38%        2d5       3%          2
 Dazzling Flash           Conj/Hex       20%        N/A       19%         3
 Fulminant Prism          Conj/Hex       5%         3d7       54%         4
 Iskenderun's Mystic Bla  Conj/Tloc      10%        2d4       54%         4


Dungeon Overview and Level Annotations

Branches:
Dungeon (1/15)

Altars:

Shops:
D:1 :


Innate Abilities, Weirdness & Mutations

You regenerate a little health from kills.


Message History

You can't see any susceptible monsters within range! (Use Z to cast anyway.)
You see here a +0 dagger.
A dart slug comes into view.
The magic dart hits the dart slug.
The dart slug is moderately wounded.
A dart slug is nearby!
The magic dart hits the dart slug.
The dart slug is severely wounded.
The dart slug launches a dart at you. The slug dart hits you.
A dart slug is nearby!
The magic dart hits the dart slug.
You kill the dart slug!
You see here a dart slug corpse.
An endoplasm comes into view.
The magic dart hits the endoplasm.
The endoplasm is lightly wounded.
The endoplasm quivers.
The magic dart hits the endoplasm.
You kill the endoplasm!
Found an escape hatch in the floor.
You can't see any susceptible monsters within range! (Use Z to cast anyway.)
Found 21 stones.
You can't see any susceptible monsters within range! (Use Z to cast anyway.)
A hobgoblin comes into view.
The magic dart hits the hobgoblin.
The hobgoblin is severely wounded.
The hobgoblin shouts!
A hobgoblin is nearby!
The magic dart hits the hobgoblin.
The hobgoblin is severely wounded.
A hobgoblin is nearby!
The magic dart hits the hobgoblin but does no damage.
The hobgoblin is severely wounded.
The hobgoblin misses you.
A hobgoblin is nearby!
The magic dart hits the hobgoblin.
The hobgoblin is almost dead.
The hobgoblin hits you.
Are you sure you want to abandon this character and quit the game? (Confirm with "yes".)

#########
######.......#
...##.#####.####
#####.##.##.......#
#...........##.##†#
.#......#####.##.#
##...#.# #.##.##
##@##.#####.#...##
......g.##....(..#....#
#######.##########....#
##+# ####.# ##...## #.#
##.....## ### #.#
##.......## ##.###.#
#.........####...##.##
+.........'...........


You could see a hobgoblin.

Vanquished Creatures
  A dart slug (D:1)
  A bat (D:1)
  2 endoplasms (D:1)
  A giant cockroach (D:1)
  A goblin (D:1)
  2 hobgoblins (D:1)
  2 ball pythons (D:1)
  3 kobolds (D:1)
  2 rats (D:1)
15 creatures vanquished.

Notes
Turn   | Place    | Note
-------+----------+-------------------------------------------
     0 | D:1      | McKennaii the Demonspawn Conjurer began the quest for the
                  | Orb.
     0 | D:1      | Reached XP level 1. HP: 13/13 MP: 3/3
   158 | D:1      | Found Hicafial's Book Emporium.
   279 | D:1      | Gained mutation: You regenerate a little health from kills.
                  | [demonic ancestry]
   279 | D:1      | Reached XP level 2. HP: 16/19 MP: 1/5
   638 | D:1      | Quit the game

Illustrated notes

Levels and vault maps discovered:
D:1:      lightli_arrival_noodles, layout_loops_corners, serial_shops,
          nicolae_shop_stone, dk_noncrumbling_4

Action                   || total
-------------------------++-------
Melee: Unarmed           ||    11
 Cast: Magic Dart        ||    30
Dodge: Dodged            ||     9
